 Dungeon Crawl Stone Soup version 0.30-b1-2-g02819fbbbe (webtiles) character file.

Game seed: 16673932362277996944

61 Barriton the Conjurer (level 3, -2/26 HPs)
             Began as a Draconian Conjurer on May 9, 2023.
             Slain by an iguana (3 damage)
             ... on level 5 of the Dungeon.
             The game lasted 00:02:00 (2020 turns).

Barriton the Conjurer (Draconian Conjurer)          Turns: 2020, Time: 00:02:01

Health: -2/26      AC:  6    Str:  9    XL:     3   Next: 83%
Magic:  0/6        EV: 12    Int: 20    God:
Gold:   119        SH:  0    Dex:  9    Spells: 4/7 levels left

rFire   . . .        (no weapon)
rCold   . . .        (no shield)
rNeg    . . .        (body armour unavailable)
rPois   .            (helmet restricted)
rElec   .            b - +0 cloak
rCorr   .            (no gloves)
SInv    .            (no boots)
Will    .....        (no amulet)
Stlth   ++           (no ring)
HPRegen 0.24/turn    (no ring)
MPRegen 0.10/turn

%: no passive effects
@: no status effects
A: AC +5, unfitting armour, cold-blooded
a: no special abilities


You were on level 5 of the Dungeon.
You visited 1 branch of the dungeon, and saw 4 of its levels.

You collected 119 gold pieces.

Inventory:

Armour
 b - a +0 cloak (worn)
Scrolls
 f - a scroll of fear {unknown}
 g - a scroll of teleportation
 h - a scroll of amnesia
Potions
 a - a potion of magic
 c - a potion of heal wounds
 d - a potion of lignification
 e - a potion of invisibility {unknown}


   Skills:
 + Level 2.0 Dodging
 + Level 2.1 Stealth
 + Level 2.5 Spellcasting
 + Level 4.8 Conjurations


You had 4 spell levels left.
You knew the following spells:

 Your Spells              Type           Power      Damage    Failure   Level
a - Magic Dart            Conj           88%        1d7       1%          1
b - Searing Ray           Conj           44%        2d6       3%          2

Your spell library contained the following spells:

 Spells                   Type           Power      Damage    Failure   Level
 Momentum Strike          Conj/Tloc      24%        3d8       9%          2
 Dazzling Flash           Conj/Hex       24%        N/A       17%         3
 Blink                    Tloc           4%         N/A       22%         2
 Lesser Beckoning         Tloc           4%         N/A       22%         2
 Fulminant Prism          Conj/Hex       6%         3d7       50%         4
 Iskenderun's Mystic Bla  Conj/Tloc      12%        2d5       50%         4


Dungeon Overview and Level Annotations

Branches:
Dungeon (3/15)

Altars:

Shops:
D:5 :


Innate Abilities, Weirdness & Mutations

Your plain brown scales are hard. (AC +5)
You cannot fit into any form of body armour.
You are cold-blooded and may be slowed by cold attacks.


Message History

The iguana bites you.
Casting: Magic Dart (safe; 1% risk of failure)
Confirm with . or Enter, or press ? or * to list all spells.
Okay, then.
You barely miss the iguana.
Your tail-slap misses the iguana.
The iguana is heavily wounded.
The iguana closely misses you.
You barely miss the iguana.
The iguana is heavily wounded.
The iguana closely misses you.
You barely miss the iguana.
The iguana is heavily wounded.
The iguana barely misses you.
You closely miss the iguana.
The iguana is heavily wounded.
The iguana bites you.
You hit the iguana but do no damage.
You tail-slap the iguana, but do no damage.
The iguana is heavily wounded.
The iguana bites you.
You hit the iguana but do no damage.
The iguana is heavily wounded.
The iguana bites you!
You completely miss the iguana.
You tail-slap the iguana, but do no damage.
The iguana is heavily wounded.
The iguana bites you!
* * * LOW HITPOINT WARNING * * *
Casting: Magic Dart (safe; 1% risk of failure)
Confirm with . or Enter, or press ? or * to list all spells.
Aiming: Magic Dart (safe; 1% risk of failure)
Press: ? - help, Shift-Dir - straight line, f/p - iguana
Aim: an iguana (heavily wounded, 100% to hit)
The magic dart hits the iguana but does no damage.
The iguana is heavily wounded.
The iguana closely misses you.
You hit the iguana but do no damage.
Your tail-slap misses the iguana.
The iguana is heavily wounded.
The iguana bites you.
You die...

#.#
#.#####.#
#.# #...#
#.# ..#
#.#.###.#
...
#.##...##
####
###..#.∩.#
...###...##
#....###.#
###......#
#....@.##
....###l##
#### #†.
##.# .. ..<
... ....


You could see an iguana.

Vanquished Creatures
  2 adders
  A dart slug (D:2)
  3 orcs (D:3)
  5 bats
  2 endoplasms
  A giant cockroach (D:2)
  4 goblins
  2 hobgoblins (D:1)
  2 jackals (D:1)
  4 quokkas
  5 ball pythons
  A frilled lizard (D:2)
  2 rats (D:2)
34 creatures vanquished.

Notes
Turn   | Place    | Note
-------+----------+-------------------------------------------
     0 | D:1      | Barriton the Draconian Conjurer began the quest for the
                  | Orb.
     0 | D:1      | Reached XP level 1. HP: 14/14 MP: 3/3
    99 | D:1      | Found a faded altar of an unknown god.
   219 | D:1      | Reached XP level 2. HP: 20/20 MP: 0/5
   894 | D:2      | Learned a level 2 spell: Searing Ray
  1038 | D:2      | Reached XP level 3. HP: 26/26 MP: 1/6
  1965 | D:3      | You fall into a shaft and drop 2 floors!
  1965 | D:5      | Entered Level 5 of the Dungeon
  1978 | D:5      | Found Yreskaob's Book Boutique.
  2018 | D:5      | HP: 1/26 [iguana (9)]
  2020 | D:5      | Slain by an iguana

Illustrated notes

Levels and vault maps discovered:
D:1:      heliophobic_arrival_enchanted_forest, layout_rooms,
          nicolae_ecumenical_snake_handling, roderic_lattice_a,
          chequers_serial_rivers_large_a
D:2:      layout_loops_ring
D:3:      minmay_door_path, layout_loops_corners, mainiacjoe_overflow_brackets,
          gammafunk_ghost_smash, uniq_terence, uniq_grinder,
          uniq_crazy_yiuf_cottage
D:5:      layout_rooms, serial_shops, nicolae_book_shop_shelving, nicolae_titane

Skill      XL: |  1  2 |
---------------+-------+-----
Stealth        | 2 |  2.1
Dodging        | 2 |  2.0
Spellcasting   | |  2.5
Conjurations   | |  4.8

Action                     || total
---------------------------++-------
  Melee: Unarmed           ||    37
         Tailslap          ||     5
   Cast: Magic Dart        ||    64
    Use: Scroll            ||     7
 Armour: Skin              ||    19
  Dodge: Dodged            ||    28
